MID
LAKEWOOD BLUECLAWS @ SOUTH BEND CUBS
09/13/2045
 
TOP OF THE 1ST
Lakewood BlueClaws batting - Pitching for South Bend Cubs : RHP Jose Ramirez
Pitching: RHP Jose Ramirez
Batting: RHB Chris Myers 0-0: Ground out 5-3 (Groundball, 56, EV 103.1 MPH)
Batting: LHB Jose Carlos 0-0: Called Strike
0-1: Ball
1-1: Foul Ball, location: 2F
1-2: Ball
2-2: Ball
3-2: Base on Balls
Batting: LHB Josh George 0-0: Ball
1-0: Ball
2-0: Ball
3-0: Called Strike
3-1: Called Strike
3-2: 2-RUN HOME RUN (Flyball, 89XD, EV 111.9 MPH), Distance : 420 ft
Batting: RHB Manny Mendoza 0-0: Ball
1-0: Ball
2-0: Swinging Strike
2-1: Ball
3-1: Called Strike
3-2: Fly out, F9 (Flyball, 9S, EV 89.4 MPH)
Pitching: RHP Jose Marrero
Batting: RHB Matt McDevitt 0-0: Ball
1-0: Foul Ball, location: 2F
1-1: DOUBLE (Line Drive, 9LM, EV 111.9 MPH)
Batting: RHB Victor Arroyo 0-0: Ball
1-0: DOUBLE (Line Drive, 7LS, EV 106.9 MPH)
Matt McDevitt scores
Batting: RHB Gary Hills 0-0: Foul Ball, location: 2F
0-1: SINGLE (Groundball, 4MS, EV 71.2 MPH) (infield hit)
Victor Arroyo to third
Batting: RHB Pablo Lopez 0-0: Ground out 5-3 (Groundball, 5S, EV 65.0 MPH)
Top of the 1st over - 3 runs, 4 hits, 0 errors, 2 left on base; Lakewood 3 - South Bend 0
BOTTOM OF THE 1ST
South Bend Cubs batting - Pitching for Lakewood BlueClaws : LHP Pat Palazzolo
Pitching: LHP Pat Palazzolo
Batting: RHB Rich Thurman 0-0: Called Strike
0-1: Fly out, F9 (Flyball, 89D, EV 93.1 MPH)
Batting: RHB Sam Sours 0-0: Ball
1-0: Called Strike
1-1: Ground out 4-3 (Groundball, 4MS, EV 69.4 MPH)
Batting: RHB Mike Savage 0-0: Ball
1-0: Swinging Strike
1-1: SINGLE (Flyball, 4MD, EV 91.2 MPH) - OUT at second base trying to stretch hit.
Bottom of the 1st over - 0 runs, 1 hit, 0 errors, 0 left on base; Lakewood 3 - South Bend 0
TOP OF THE 2ND
Lakewood BlueClaws batting - Pitching for South Bend Cubs : RHP Jose Marrero
Batting: RHB Pedro Mata 0-0: Called Strike
0-1: Ball
1-1: Swinging Strike
1-2: Strikes out looking
Batting: RHB Chris Myers 0-0: Called Strike
0-1: Ball
1-1: Ball
2-1: DOUBLE (Line Drive, 9LM, EV 98.8 MPH)
Batting: LHB Jose Carlos 0-0: Ball
1-0: Ground out 6-3 (Groundball, 6, EV 109.4 MPH)
Pitching: LHP Jesse Fields
Batting: LHB Josh George 0-0: Swinging Strike
0-1: Swinging Strike
0-2: Foul Ball, location: 2F
0-2: SINGLE (Groundball, 34D, EV 106.2 MPH)
Chris Myers to third
Runner from 3rd tries for Home, SAFE, throw by RF to home
Batting: RHB Manny Mendoza 0-0: Called Strike
0-1: Foul Ball, location: 2F
0-2: Foul Ball, location: 2F
0-2: Ball
1-2: Ball
2-2: SINGLE (Line Drive, 7S, EV 106.9 MPH)
Josh George to second
Batting: RHB Matt McDevitt 0-0: Foul Ball, location: 2F
0-1: Ball
1-1: Ground out U3 (Groundball, 34S, EV 65.0 MPH)
Top of the 2nd over - 1 run, 3 hits, 0 errors, 2 left on base; Lakewood 4 - South Bend 0
BOTTOM OF THE 2ND
South Bend Cubs batting - Pitching for Lakewood BlueClaws : LHP Pat Palazzolo
Batting: RHB Puluke Konane 0-0: Foul Ball, location: 2F
0-1: Ball
1-1: Swinging Strike
1-2: Foul Ball, location: 2F
1-2: Ball
2-2: Ball
3-2: Foul Ball, location: 2F
3-2: Base on Balls
Batting: RHB Jonathan Sotelo 0-0: Ball
1-0: Ball
Puluke Konane is caught stealing 2nd base 2-4
2-0: Ground out 1-3 (Groundball, 25, EV 70.0 MPH)
Batting: LHB Kwang-chih Men 0-0: Ball
1-0: Ball
2-0: Fly out, F7 (Flyball, 7S, EV 79.4 MPH)
Bottom of the 2nd over - 0 runs, 0 hits, 0 errors, 0 left on base; Lakewood 4 - South Bend 0
TOP OF THE 3RD
Lakewood BlueClaws batting - Pitching for South Bend Cubs : LHP Jesse Fields
Batting: RHB Victor Arroyo 0-0: Called Strike
0-1: Ball
1-1: Ball
2-1: DOUBLE (Groundball, 5L, EV 100.6 MPH)
Batting: RHB Gary Hills 0-0: Ball
1-0: Called Strike
1-1: Ball
2-1: Foul Ball, location: 2F
2-2: Foul Ball, location: 2F
2-2: Ball
3-2: Base on Balls
Pitching: LHP Colin Scott
Batting: RHB Pablo Lopez 0-0: Swinging Strike
0-1: Ball
1-1: Ball
2-1: Swinging Strike
2-2: Strikes out swinging
Batting: RHB Pedro Mata 0-0: SINGLE (Line Drive, 4D, EV 101.2 MPH)
Victor Arroyo to third
Gary Hills to second
Batting: RHB Chris Myers 0-0: SINGLE (Groundball, 25, EV 61.2 MPH) (infield hit)
Victor Arroyo scores
Gary Hills to third
Pedro Mata to second
Pitching: RHP Miles Edwards
Batting: LHB Jose Carlos 0-0: Ball
1-0: Ball
2-0: Called Strike
2-1: Called Strike
2-2: Ball
3-2: Foul Ball, location: 2F
3-2: Base on Balls
Gary Hills scores
Pedro Mata to third
Chris Myers to second
Batting: LHB Josh George 0-0: Called Strike
0-1: SINGLE (Line Drive, 6M, EV 96.9 MPH)
Pedro Mata scores
Chris Myers to third
Jose Carlos to second
Batting: RHB Manny Mendoza 0-0: Called Strike
0-1: Ball
Wild Pitch!
Chris Myers scores
Jose Carlos to third
Josh George to second
1-1: Foul Ball, location: 2F
1-2: SINGLE (Groundball, 4MD, EV 99.4 MPH)
Jose Carlos scores
Josh George to third
Runner from 3rd tries for Home, throw by CF and OUT! 8-2
Batting: RHB Matt McDevitt 0-0: Ball
1-0: SINGLE (Groundball, 34D, EV 101.9 MPH)
Manny Mendoza to second
Batting: RHB Victor Arroyo 0-0: Ball
Wild Pitch!
Manny Mendoza to third
Matt McDevitt to second
1-0: Ball
2-0: Ball
3-0: Base on Balls
Batting: RHB Gary Hills 0-0: Ball
1-0: Called Strike
1-1: Swinging Strike
1-2: Fly out, F8 (Flyball, 8RM, EV 90.0 MPH)
Top of the 3rd over - 5 runs, 6 hits, 0 errors, 3 left on base; Lakewood 9 - South Bend 0
BOTTOM OF THE 3RD
South Bend Cubs batting - Pitching for Lakewood BlueClaws : LHP Pat Palazzolo
Batting: LHB Mark Ingram 0-0: Ball
1-0: Called Strike
1-1: Foul Ball, location: 2F
1-2: Ball
2-2: Ground out 4-3 (Groundball, 4, EV 86.2 MPH)
Batting: RHB Khalil Stephens 0-0: Ball
1-0: Ground out 6-3 (Groundball, 6, EV 82.5 MPH)
Batting: LHB Mark Huey 0-0: Foul Ball, location: 2F
0-1: Ball
1-1: Foul Ball, location: 2F
1-2: Foul Ball, location: 2F
1-2: Foul Ball, location: 2F
1-2: Strikes out swinging
Bottom of the 3rd over - 0 runs, 0 hits, 0 errors, 0 left on base; Lakewood 9 - South Bend 0
TOP OF THE 4TH
Lakewood BlueClaws batting - Pitching for South Bend Cubs : RHP Miles Edwards
Batting: RHB Pablo Lopez 0-0: Ball
1-0: Foul Ball, location: 2F
1-1: Ball
2-1: SINGLE (Groundball, 4MS, EV 66.2 MPH) (infield hit)
Batting: RHB Pedro Mata 0-0: Ball
1-0: Called Strike
1-1: Called Strike
1-2: Foul Ball, location: 2F
1-2: Strikes out looking
Batting: RHB Chris Myers 0-0: Called Strike
0-1: Ball
1-1: Foul Ball, location: 2F
1-2: Ground out 6-3 (Groundball, 6S, EV 67.5 MPH)
Pablo Lopez to second
Batting: LHB Jose Carlos 0-0: Ball
1-0: Ball
2-0: Ball
3-0: Called Strike
3-1: Foul Ball, location: 2F
3-2: Base on Balls
Batting: LHB Josh George 0-0: Foul Ball, location: 2F
0-1: Swinging Strike
0-2: Ball
1-2: Foul Ball, location: 2F
1-2: Foul Ball, location: 2F
1-2: Fly out, F9 (Flyball, 89D, EV 88.1 MPH)
Top of the 4th over - 0 runs, 1 hit, 0 errors, 2 left on base; Lakewood 9 - South Bend 0
BOTTOM OF THE 4TH
South Bend Cubs batting - Pitching for Lakewood BlueClaws : LHP Pat Palazzolo
Batting: RHB Rich Thurman 0-0: Called Strike
0-1: Called Strike
0-2: Strikes out swinging
Batting: RHB Sam Sours 0-0: Called Strike
0-1: Ball
1-1: Called Strike
1-2: Ball
2-2: Ground out 4-3 (Groundball, 34, EV 106.9 MPH)
Batting: RHB Mike Savage 0-0: Ground out 4-3 (Groundball, 4, EV 109.4 MPH)
Bottom of the 4th over - 0 runs, 0 hits, 0 errors, 0 left on base; Lakewood 9 - South Bend 0
TOP OF THE 5TH
Lakewood BlueClaws batting - Pitching for South Bend Cubs : RHP Miles Edwards
Batting: RHB Manny Mendoza 0-0: Swinging Strike
0-1: Foul Ball, location: 2F
0-2: Strikes out looking
Batting: RHB Matt McDevitt 0-0: Ball
1-0: Ball
2-0: Called Strike
2-1: Ball
3-1: Called Strike
3-2: Base on Balls
Batting: RHB Victor Arroyo 0-0: Ball
1-0: Ball
2-0: Called Strike
2-1: Ball
3-1: Base on Balls
Matt McDevitt to second
Pitching: LHP Shuan-yan Wu
Batting: RHB Gary Hills 0-0: Called Strike
0-1: Called Strike
0-2: Grounds into double play, 4-6-3 (Groundball, 4M, EV 84.4 MPH)
Top of the 5th over - 0 runs, 0 hits, 0 errors, 1 left on base; Lakewood 9 - South Bend 0
BOTTOM OF THE 5TH
South Bend Cubs batting - Pitching for Lakewood BlueClaws : LHP Pat Palazzolo
Batting: RHB Puluke Konane 0-0: Ball
1-0: DOUBLE (Line Drive, 7LS, EV 95.0 MPH)
Batting: RHB Jonathan Sotelo 0-0: Called Strike
0-1: Fly out, F9 (Flyball, 89M, EV 79.4 MPH)
Batting: LHB Kwang-chih Men 0-0: Called Strike
0-1: Ball
1-1: Ball
2-1: SINGLE (Groundball, 6MD, EV 98.1 MPH)
Puluke Konane to third
Runner from 3rd tries for Home, SAFE, throw by CF to home
Kwang-chih Men to second
Batting: LHB Mark Ingram 0-0: Swinging Strike
0-1: Ball
1-1: Foul Ball, location: 2F
1-2: Ground out 4-3 (Groundball, 4, EV 79.4 MPH)
Kwang-chih Men to third
Batting: RHB Khalil Stephens 0-0: Ball
1-0: Ball
2-0: Ball
3-0: Called Strike
3-1: Fly out, F8 (Flyball, 8RM, EV 75.0 MPH)
Bottom of the 5th over - 1 run, 2 hits, 0 errors, 1 left on base; Lakewood 9 - South Bend 1
TOP OF THE 6TH
Lakewood BlueClaws batting - Pitching for South Bend Cubs : LHP Shuan-yan Wu
Batting: RHB Pablo Lopez 0-0: Ball
1-0: Ball
2-0: Ball
3-0: Base on Balls
Batting: RHB Pedro Mata 0-0: Called Strike
Pablo Lopez steals 2nd base (no throw)
0-1: Ball
1-1: Foul Ball, location: 2F
1-2: Ball
2-2: Ball
3-2: Foul Ball, location: 2F
3-2: Foul Ball, location: 2F
3-2: Foul Ball, location: 2F
3-2: Base on Balls
Batting: RHB Chris Myers 0-0: Ball
1-0: Called Strike
1-1: Ball
2-1: Ball
3-1: Foul Ball, location: 2F
3-2: Foul Ball, location: 2F
3-2: Foul Ball, location: 2F
3-2: Fielders Choice at 2nd, 6-4 (Groundball, 6, EV 83.1 MPH)
Pablo Lopez to third
Batting: LHB Jose Carlos 0-0: Ball
Chris Myers steals 2nd base
1-0: Reached on error, E3 (Groundball, 34, EV 107.5 MPH)
Pablo Lopez scores
Chris Myers scores
Batting: LHB Josh George 0-0: Called Strike
0-1: Called Strike
0-2: Foul Ball, location: 2F
0-2: Foul Ball, location: 2F
0-2: Ball
1-2: Ball
2-2: Ball
3-2: Ground out 4-3 (Groundball, 4M, EV 103.1 MPH)
Jose Carlos to third
Batting: RHB Manny Mendoza 0-0: Foul Ball, location: 2F
0-1: Ball
1-1: Ball
2-1: Called Strike
2-2: Fly out, F7 (Flyball, 7D, EV 89.4 MPH)
Top of the 6th over - 2 runs, 0 hits, 1 error, 1 left on base; Lakewood 11 - South Bend 1
BOTTOM OF THE 6TH
South Bend Cubs batting - Pitching for Lakewood BlueClaws : LHP Pat Palazzolo
Now at 2B: Roberto Ruiz
Batting: LHB Mark Huey 0-0: Fly out, F9 (Flyball, 9D, EV 109.4 MPH)
Batting: RHB Rich Thurman 0-0: Called Strike
0-1: Fly out, F7 (Line Drive, 7, EV 90.0 MPH)
Batting: RHB Sam Sours 0-0: Ball
1-0: Ball
2-0: Called Strike
2-1: Ground out 6-3 (Groundball, 6M, EV 78.1 MPH)
Bottom of the 6th over - 0 runs, 0 hits, 0 errors, 0 left on base; Lakewood 11 - South Bend 1
TOP OF THE 7TH
Lakewood BlueClaws batting - Pitching for South Bend Cubs : LHP Shuan-yan Wu
Pinch Hitting: SHB Matt Sybrant 0-0: Swinging Strike
0-1: Fly out, F7 (Flyball, 7S, EV 73.1 MPH)
Pitching: RHP David Barnard
Batting: RHB Victor Arroyo 0-0: Ball
1-0: Ball
2-0: Ball
3-0: Base on Balls
Batting: RHB Gary Hills 0-0: Ball
1-0: Ball
2-0: Ball
3-0: Base on Balls
Victor Arroyo to second
Batting: RHB Pablo Lopez 0-0: Ball
1-0: Foul Ball, location: 2F
1-1: Ball
2-1: Fly out, F9 (Flyball, 89S, EV 72.5 MPH)
Batting: RHB Roberto Ruiz 0-0: Called Strike
0-1: Foul Ball, location: 2F
0-2: Ball
1-2: Ground out U3 (Groundball, 34, EV 87.5 MPH)
Top of the 7th over - 0 runs, 0 hits, 0 errors, 2 left on base; Lakewood 11 - South Bend 1
BOTTOM OF THE 7TH
South Bend Cubs batting - Pitching for Lakewood BlueClaws : LHP Pat Palazzolo
Now in LF: Matt Sybrant
Batting: RHB Mike Savage 0-0: Foul Ball, location: 2F
0-1: Ball
1-1: Swinging Strike
1-2: Ball
2-2: Foul Ball, location: 2F
2-2: Ground out U3 (Groundball, 3S, EV 65.6 MPH)
Batting: RHB Puluke Konane 0-0: Fly out, F9 (Flyball, 9D, EV 96.2 MPH)
Pinch Hitting: SHB Benoît Morin 0-0: Ball
1-0: Ground out 6-3 (Groundball, 6, EV 83.8 MPH)
Bottom of the 7th over - 0 runs, 0 hits, 0 errors, 0 left on base; Lakewood 11 - South Bend 1
TOP OF THE 8TH
Lakewood BlueClaws batting - Pitching for South Bend Cubs : RHP David Barnard
Now in LF: Benoît Morin
Now in RF: Sam Sours
Pinch Hitting: LHB Tsuneharu Nishimura 0-0: Called Strike
0-1: Ball
1-1: Ball
2-1: Ball
3-1: Swinging Strike
3-2: Base on Balls
Batting: LHB Jose Carlos 0-0: Ball
1-0: Ball
2-0: Called Strike
2-1: Foul Ball, location: 2F
2-2: Fly out, F3 (Line Drive, 3, EV 76.9 MPH)
Lined into DP, U3 (Line Drive, 3, EV 75.0 MPH)
Batting: LHB Josh George 0-0: Ball
1-0: Ground out U3 (Groundball, 3L, EV 105.0 MPH)
Top of the 8th over - 0 runs, 0 hits, 0 errors, 0 left on base; Lakewood 11 - South Bend 1
BOTTOM OF THE 8TH
South Bend Cubs batting - Pitching for Lakewood BlueClaws : LHP Pat Palazzolo
Now in CF: Tsuneharu Nishimura
Batting: LHB Kwang-chih Men 0-0: Ground out 4-3 (Groundball, 34, EV 103.8 MPH)
Batting: LHB Mark Ingram 0-0: Called Strike
0-1: Swinging Strike
0-2: Ball
1-2: Ball
2-2: Strikes out swinging
Batting: RHB Khalil Stephens 0-0: Ball
1-0: Foul Ball, location: 2F
1-1: Called Strike
1-2: Ball
2-2: Foul Ball, location: 2F
2-2: Strikes out swinging
Bottom of the 8th over - 0 runs, 0 hits, 0 errors, 0 left on base; Lakewood 11 - South Bend 1
TOP OF THE 9TH
Lakewood BlueClaws batting - Pitching for South Bend Cubs : RHP David Barnard
Pinch Hitting: RHB Seung-mun Kim 0-0: Ball
1-0: Ball
2-0: Swinging Strike
2-1: Ball
3-1: Base on Balls
Batting: SHB Matt Sybrant Balk!
Seung-mun Kim to second
0-0: Ball
Wild Pitch!
Seung-mun Kim to third
1-0: Ground out 4-3 (Groundball, 4, EV 92.5 MPH)
Seung-mun Kim scores
Batting: RHB Victor Arroyo 0-0: Fly out, F2 (Popup, 2LF, EV 86.9 MPH)
Batting: RHB Gary Hills 0-0: Ball
1-0: Ball
2-0: Ball
3-0: Base on Balls
Pitching: RHP Adam Conover
Batting: RHB Pablo Lopez 0-0: Called Strike
0-1: Ball
1-1: Swinging Strike
1-2: Ball
2-2: Fly out, F8 (Flyball, 8RD, EV 95.6 MPH)
Top of the 9th over - 1 run, 0 hits, 0 errors, 1 left on base; Lakewood 12 - South Bend 1
BOTTOM OF THE 9TH
South Bend Cubs batting - Pitching for Lakewood BlueClaws : LHP Pat Palazzolo
Pitching: LHP Gabe Benitez
Now at 1B: Seung-mun Kim
Batting: LHB Mark Huey 0-0: Ball
1-0: Called Strike
1-1: Called Strike
1-2: Foul Ball, location: 2F
1-2: Ball
2-2: Ball
3-2: Ground out U3 (Groundball, 3, EV 90.0 MPH)
Pinch Hitting: RHB Brad Santanello 0-0: DOUBLE (Line Drive, 7LM, EV 106.9 MPH)
Batting: RHB Sam Sours 0-0: Swinging Strike
0-1: Swinging Strike
0-2: Strikes out looking
Batting: RHB Mike Savage 0-0: DOUBLE (Line Drive, 89D, EV 106.2 MPH)
Brad Santanello scores
Batting: RHB Puluke Konane 0-0: Ball
1-0: Ball
2-0: Ball
3-0: Base on Balls
Batting: SHB Benoît Morin 0-0: Ball
1-0: Ball
2-0: Ball
3-0: Base on Balls
Mike Savage to third
Puluke Konane to second
Batting: LHB Kwang-chih Men 0-0: Ball
1-0: Ball
2-0: Hit by Pitch
Mike Savage scores
Puluke Konane to third
Benoît Morin to second
Pinch Hitting: SHB Gabriel Cruz 0-0: Swinging Strike
0-1: Swinging Strike
0-2: Ball
1-2: Ball
2-2: Strikes out swinging
Bottom of the 9th over - 2 runs, 2 hits, 0 errors, 3 left on base; Lakewood 12 - South Bend 3
Wednesday, June 22nd , 2022 - OOTP Baseball 23.4 Build 64